 Dungeon Crawl Stone Soup version 0.29.1-12-g30fa7ad0bf (webtiles) character file.

Game seed: 1257483399033455770

329 mortz the Trooper (level 6, -6/40 HPs)
             Began as a Gargoyle Monk on Dec 22, 2022.
             Mangled by a gnoll sergeant
             ... wielding a +0 spear
              (8 damage)
             ... on level 3 of the Dungeon.
             The game lasted 00:19:39 (1894 turns).

mortz the Trooper (Gargoyle Monk)                   Turns: 1894, Time: 00:19:40

Health: -6/40      AC: 10    Str: 26    XL:     6   Next: 51%
Magic:  6/6        EV: 12    Int: 11    God:
Gold:   104        SH:  0    Dex: 18    Spells: 5/5 levels left

rFire   + + .      SeeInvis .   q - +0 hand axe
rCold   . . .      Faith    .   (no shield)
rNeg    + . .      Spirit   .   g - +0 ring mail
rPois   ∞          Reflect  .   (no helmet)
rElec   +          Harm     .   (no cloak)
rCorr   .          Rampage  .   t - +0 pair of gloves
Will    .....                   (no boots)
Stlth   ++........              e - amulet of regeneration
HPRegen 0.93/turn               f - ring of Qust {rF++ Str+4 Dex+6}
MPRegen 0.10/turn               y - +6 ring of strength

@: mighty
A: sickness immunity, AC +4, negative energy resistance 1, electricity
resistance, torment resistance 1, petrification resistance
a: no special abilities


You were on level 3 of the Dungeon.
You visited 1 branch of the dungeon, and saw 3 of its levels.
You also visited: Sewer.

You collected 114 gold pieces.
You spent 10 gold pieces at shops.

Inventory:

Hand Weapons
 a - a +3 whip
 b - a +2 sling
 k - a +0 spear
 l - a +0 flail
 p - a +0 whip of draining
 q - a +0 hand axe (weapon)
 u - a +0 halberd
Missiles
 o - 2 boomerangs
 s - 5 poisoned darts
 v - a throwing net
Armour
 g - a +0 ring mail (worn)
 t - a +0 pair of gloves (worn)
Jewellery
 e - an amulet of regeneration (around neck)
 f - the ring of Qust (left hand) {rF++ Str+4 Dex+6}
   (You acquired it on level 1 of the Dungeon)

   [ring of dexterity]

   Str:       It affects your strength (+4).
   Dex:       It affects your dexterity (+6).
   rF:        It greatly protects you from fire.
 i - a ring of see invisible
 y - a +6 ring of strength (right hand)
Scrolls
 c - 2 scrolls of magic mapping
 d - 2 scrolls of teleportation
 w - 2 scrolls of fear
Potions
 h - a potion of attraction {unknown}
 j - 2 potions of resistance
 m - a potion of heal wounds {unknown}
 n - 4 potions of curing {unknown}
 x - a potion of lignification {unknown}


   Skills:
 + Level 4.8 Fighting
 + Level 4.5(4.7) Axes
 + Level 2.2(3.9) Maces & Flails
 + Level 2.5 Ranged Weapons
 - Level 2.4 Dodging
 - Level 2.1 Stealth


You had 5 spell levels left.
You didn't know any spells.
Your spell library contained the following spells:

 Spells                   Type           Power      Damage    Failure   Level
 Ozocubu's Armour         Ice            0%         N/A       85%         3
 Metabolic Englaciation   Hex/Ice        0%         N/A       100%        5
 Simulacrum               Ice/Necr       0%         N/A       100%        6


Dungeon Overview and Level Annotations

Branches:
Dungeon (3/15) Zot: 16318   Sewer (visited)

Altars:

Shops:
D:1 (   D:2 (


Innate Abilities, Weirdness & Mutations

You are immune to sickness and miasma.
Your stone body is resilient. (AC +4)
You are immune to poison.
You resist negative energy. (rN+)
You are resistant to electric shocks. (rElec)
You are resistant to unholy torment.
You are immune to petrification.


Message History

You hit the gnoll sergeant but do no damage.
The gnoll sergeant is heavily wounded.
The gnoll sergeant hits you with a +0 spear!
You hit the gnoll sergeant.
The gnoll sergeant is severely wounded.
The gnoll sergeant hits you with a +0 spear!
* * * LOW HITPOINT WARNING * * *
You are too injured to fight recklessly!
You are too injured to fight recklessly!
You are too injured to fight recklessly!
You are too injured to fight recklessly!
You are too injured to fight recklessly!
You are too injured to fight recklessly!
You are too injured to fight recklessly!
You are too injured to fight recklessly!
You are too injured to fight recklessly!
You are too injured to fight recklessly!
You are too injured to fight recklessly!
You are too injured to fight recklessly!
You are too injured to fight recklessly!
You are too injured to fight recklessly!
You are too injured to fight recklessly!
You are too injured to fight recklessly!
The gnoll sergeant blocks your attack.
The gnoll sergeant is severely wounded.
You hit the gnoll sergeant.
The gnoll sergeant is severely wounded.
The gnoll sergeant hits you with a +0 spear!
* * * LOW HITPOINT WARNING * * *
The gnoll sergeant misses you. The gnoll sergeant blocks your attack.
The gnoll sergeant is severely wounded.
The gnoll sergeant misses you.
You hit the gnoll sergeant but do no damage.
The gnoll sergeant is severely wounded.
The gnoll sergeant hits you with a +0 spear!
* * * LOW HITPOINT WARNING * * *
You feel very mighty all of a sudden.
The gnoll sergeant hits you with a +0 spear!
You die...

......... ......... ....
#........ .... .........
..... ......... #.....
.....########### #......
†...#.....##...##.......
........................
................@g.?....
...##.....##...##.......
........................
..........†.............
...........#)#..........
..#........#)##.........
..#.......##.# .........
..#..........##.........
###...................


You could see a gnoll sergeant (strong).

Vanquished Creatures
  Pargi (Sewer)
  Natasha (thrice) (D:2)
  5 gnolls (D:3)
  2 adders
  A river rat (D:3)
  2 worms
  A dart slug (D:2)
  5 orcs
  9 ball pythons
  2 endoplasms
  4 giant cockroaches
  5 goblins
  3 hobgoblins
  5 jackals
  6 kobolds
  2 quokkas (D:2)
  7 bats
  10 frilled lizards
  4 rats
77 creatures vanquished.

Notes
Turn   | Place    | Note
-------+----------+-------------------------------------------
     0 | D:1      | mortz the Gargoyle Monk began the quest for the Orb.
     0 | D:1      | Reached XP level 1. HP: 14/14 MP: 1/1
    69 | D:1      | Found Xaplun's Weapon Boutique.
   104 | D:1      | Reached XP level 2. HP: 19/19 MP: 2/2
   114 | D:1      | Bought 2 boomerangs for 10 gold pieces
   344 | D:1      | Reached XP level 3. HP: 24/24 MP: 3/3
   375 | D:1      | Identified a scroll of acquirement
   375 | D:1      | Acquired the ring of Qust {rF++ Str+4 Dex+6}
   470 | D:2      | Noticed Natasha
   478 | D:2      | Killed Natasha
   528 | D:2      | Reached skill level 1 in Ranged Weapons
   528 | D:2      | Reached XP level 4. HP: 29/29 MP: 4/4
   599 | D:2      | Noticed Natasha
   629 | D:2      | Found a faded altar of an unknown god.
   861 | D:2      | Killed Natasha
   863 | D:2      | Noticed Natasha
   871 | D:2      | Killed Natasha
   872 | D:2      | Reached skill level 1 in Maces & Flails
   872 | D:2      | Reached XP level 5. HP: 31/33 MP: 5/5
  1156 | D:2      | Found Gemon's Antique Weapon Shop.
  1200 | D:3      | Found a glowing drain.
  1218 | Sewer    | Entered a sewer
  1249 | Sewer    | Noticed Pargi
  1312 | Sewer    | Killed Pargi
  1313 | Sewer    | Reached XP level 6. HP: 35/39 MP: 6/6
  1893 | D:3      | HP: 1/40 [gnoll sergeant/+0 spear (7)]
  1894 | D:3      | Mangled by a gnoll sergeant

Illustrated notes

Levels and vault maps discovered:
D:1:      ebering_trefoil_3fold, layout_rooms, serial_shops,
          nicolae_shop_bloodbath_and_beyond, minmay_tetromino_t2
D:2:      layout_loops_ring, serial_shops, nicolae_shop_statue_plus,
          shapermc_ecumenical_altar_acropolis, minmay_misc_feat_roman,
          minmay_fractal_squares_5, uniq_natasha
D:3:      layout_basic, portal_sewer_entry_b, kennysheep_generic_room_9

Skill      XL: |  1  2  3  4  5  6 |
---------------+-------------------+-----
Axes           | 3 4 |  4.5
Ranged Weapons | 1 2 |  2.5
Fighting       | 4 |  4.8
Maces & Flails | 1 2 |  2.2
Dodging        | |  2.4
Stealth        | |  2.1

Action                   |  1- 3 |  4- 6 || total
-------------------------+-------+-------++-------
Melee: Hand axe          |    43 |    68 ||   111
       Punch             |     1 |     1 ||     2
       Whip              |       |    42 ||    42
 Fire: Sling             |    34 |   109 ||   143
Throw: Stone             |     5 |       ||     5
       Boomerang         |     2 |       ||     2
  Use: Scroll            |     5 |     8 ||    13
       Potion            |       |     2 ||     2
 Stab: Sleeping          |     1 |       ||     1
Armor: Ring mail         |    15 |    97 ||   112
       Robe              |     1 |       ||     1
Dodge: Dodged            |    48 |   138 ||   186
